Jets vs Sabres
Created - May 15, 2024 at 21:14
Goals
|
| Jets |
1 |
1 |
0 |
2 |
| Sabres |
0 |
0 |
1 |
1 |
|
Shots
|
| Jets |
9 |
13 |
6 |
28 |
| Sabres |
11 |
6 |
4 |
21 |
|
1st period
1. Jets , Tyler Seguin 1 (Nino Niederreiter 2, Max Domi 2) at 8:23
Penalties :
No Penalty
2nd period
2. Jets , Anthony Mantha 1 (Max Domi 3, Erik Cernak 1) at 0:53
Penalties :
Nino Niederreiter (Win) for Slashing (Minor) at 4:45, John Tavares (Buf) for Tripping (Minor) at 8:23, Anthony Mantha (Win) for Delaying the game (Minor) at 12:52, Viktor Arvidsson (Buf) for Hooking (Minor) at 15:49
3rd period
3. Sabres , Timo Meier 1 (Jamie Arniel 1, Tyson Barrie 1) at 3:35
Penalties :
Nate Schmidt (Buf) for Tripping (Minor) at 1:05, Mathew Dumba (Buf) for High sticking (Minor) at 6:58, Timo Meier (Buf) for High sticking (Minor) at 13:13, Tyson Barrie (Buf) for Interference (Minor) at 17:47
Goalie Stats
Jacob Markstrom (Win), 20 saves from 21 shots - (0.952), W, 2-0-0, 60:00 minutes
John Gibson (Buf), 26 saves from 28 shots - (0.929), L, 0-2-0, 60:00 minutes
Players Stats for Jets
Player Name G A P +/- PIM S H SB GA TA FO MP PP MP PK MP
------------------------------------------------------------------------------------
Adam Larsson 0 0 0 1 0 0 1 1 0 0 0/0 22:02 0:00 2:13
Alex Galchenyuk 0 0 0 0 0 4 1 0 1 0 2/3 22:22 6:16 0:50
Anthony Mantha 1 0 1 0 2 2 2 0 0 0 0/1 14:11 4:55 0:00
Dougie Hamilton 0 0 0 0 0 2 0 1 0 0 0/0 26:12 6:59 2:13
Erik Cernak 0 1 1 1 0 0 2 2 1 1 0/0 16:08 0:00 0:00
Frank Vatrano 0 0 0 0 0 1 2 0 0 1 0/0 10:04 0:50 0:46
Henrik Zetterberg 0 0 0 0 0 0 0 0 0 0 2/3 12:02 0:27 2:22
Kyle Connor 0 0 0 0 0 1 0 2 0 0 0/0 8:46 0:38 0:00
Max Domi 0 2 2 1 0 1 3 1 0 0 7/12 18:18 5:00 0:51
Mirco Mueller 0 0 0 0 0 0 1 0 0 0 0/0 9:28 0:00 0:00
Nino Niederreiter 0 1 1 1 2 3 0 0 0 1 0/0 18:10 5:00 0:45
Noel Acciari 0 0 0 0 0 1 0 0 0 0 4/7 9:59 0:00 2:22
Ryan Johansen 0 0 0 0 0 3 2 1 0 2 16/29 21:28 6:27 0:00
Ryan Murray 0 0 0 0 0 1 2 1 0 2 0/0 15:28 0:00 1:45
Sam Reinhart 0 0 0 0 0 0 0 0 0 0 0/0 13:53 4:55 0:00
Troy Stetcher 0 0 0 0 0 2 1 0 0 2 0/0 18:57 6:59 1:45
Tyler Seguin 1 0 1 1 0 6 4 1 1 1 1/2 18:35 6:04 0:00
Tyler Toffoli 0 0 0 0 0 1 2 1 0 0 1/2 19:57 5:00 0:00
Players Stats for Sabres
Player Name G A P +/- PIM S H SB GA TA FO MP PP MP PK MP
------------------------------------------------------------------------------------
Andrew Mangiapane 0 0 0 -1 0 0 0 0 0 0 0/0 9:46 0:00 2:19
David Backes 0 0 0 0 0 1 0 0 1 0 1/1 9:34 1:43 0:00
Evgeni Malkin 0 0 0 0 0 3 3 0 1 0 7/15 16:12 1:43 2:19
Hampus Lindholm 0 0 0 0 0 1 1 2 1 0 0/0 26:42 2:17 6:29
Jamie Arniel 0 1 1 0 0 2 0 0 0 0 5/9 16:17 0:00 6:18
Joe Pavelski 0 0 0 0 0 3 0 0 0 0 0/0 10:53 0:00 3:17
John Tavares 0 0 0 0 2 2 1 0 0 0 11/28 17:26 2:15 0:00
Kyle Okposo 0 0 0 -1 0 3 1 0 0 0 0/0 9:23 1:41 0:00
Mathew Dumba 0 0 0 -1 2 2 1 1 0 0 0/0 25:51 2:17 5:57
Michael Matheson 0 0 0 0 0 0 0 0 0 1 0/0 12:14 0:00 0:44
Nate Schmidt 0 0 0 -1 2 0 2 2 0 1 0/0 21:33 1:41 4:46
Noah Hanifin 0 0 0 0 0 0 0 0 1 1 0/0 14:58 0:00 2:04
Ryan Getzlaf 0 0 0 -1 0 0 1 0 0 0 2/5 13:47 0:00 3:17
Sam Gagner 0 0 0 0 0 1 1 0 1 0 0/0 13:49 1:43 0:00
Samuel Morin 0 0 0 0 0 0 1 0 2 0 0/0 15:50 0:00 6:18
Timo Meier 1 0 1 0 2 2 2 0 0 0 0/1 17:47 2:15 0:00
Tyson Barrie 0 1 1 0 2 0 0 1 2 0 0/0 18:38 0:00 3:48
Viktor Arvidsson 0 0 0 0 2 1 2 0 1 0 0/0 17:20 2:15 0:00
3 Stars
1 - Tyler Seguin (Win)
2 - Max Domi (Win)
3 - Jacob Markstrom (Win)
Power Play
Jets - 0 on 6 Attempt(s) - 0.00%
Sabres - 0 on 2 Attempt(s) - 0.00%
Penalty Kill
Jets - 2 on 2 Attempt(s) - 100.00%
- Score 0 goal in Penalty Kill
Sabres - 6 on 6 Attempt(s) - 100.00%
- Score 0 goal in Penalty Kill
Team Stat
Jets - Hits : 23 - Faceoff Wins : 33 - Blocked Shots : 11 - Penalty Minutes : 4
Sabres - Hits : 16 - Faceoff Wins : 26 - Blocked Shots : 6 - Penalty Minutes : 12
Official
Referees : Marc Joannette and Beaudry Halkidis
Linesman : Steve Barton and Greg Devorski
Game Notes
David Backes is injured at 19:23 of 2nd period (Groin)
Finance
Level 1 -- Attendance: 12800 (40.00%) -- Ticket Income $1,280,000
Level 2 -- Attendance: 5000 (100.00%) -- Ticket Income $300,000
Level 3 -- Attendance: 2000 (100.00%) -- Ticket Income $70,000
Level 4 -- Attendance: 4000 (100.00%) -- Ticket Income $100,000
Luxury Box -- Attendance: 1000 (100.00%) -- Ticket Income $200,000
Game was played at the Key Bank Center.
Total Attendance: 24800 (56.36%)
Total Ticket Income: $1,950,000
Other Income: $292,500
Total Income: $2,242,500
Jets
5 vs 5 Forward
Center Left Wing Right Wing Time % Phy DF OF
1 Ryan Johansen Alex Galchenyuk Tyler Toffoli 40 1 2 2
2 Max Domi Nino Niederreiter Tyler Seguin 30 1 2 2
3 Henrik Zetterberg Anthony Mantha Sam Reinhart 20 1 2 2
4 Noel Acciari Kyle Connor Frank Vatrano 10 1 2 2
5 vs 5 Defense
Defense Defense Time % Phy DF OF
1 Adam Larsson Dougie Hamilton 40 1 2 2
2 Ryan Murray Erik Cernak 30 1 2 2
3 Mirco Mueller Troy Stetcher 20 1 2 2
4 Erik Cernak Adam Larsson 10 1 2 2
PowerPlay Forward
Center Left Wing Right Wing Time % Phy DF OF
1 Ryan Johansen Alex Galchenyuk Tyler Seguin 60 1 2 2
2 Max Domi Nino Niederreiter Tyler Toffoli 40 1 2 2
PowerPlay Defense
Defense Defense Time % Phy DF OF
1 Troy Stetcher Dougie Hamilton 60 1 2 2
2 Sam Reinhart Anthony Mantha 40 1 2 2
Penalty Kill 4 Players Forward
Center Wing Time % Phy DF OF
1 Noel Acciari Henrik Zetterberg 60 1 2 2
2 Nino Niederreiter Frank Vatrano 40 1 2 2
Penalty Kill 4 Players Defense
Defense Defense Time % Phy DF OF
1 Adam Larsson Dougie Hamilton 60 1 2 2
2 Ryan Murray Troy Stetcher 40 1 2 2
Penalty Kill - 3 Players Forward
Forward Time % Phy DF OF
1 Noel Acciari 60 1 2 2
2 Anthony Mantha 40 1 2 2
Penalty Kill - 3 Players Defense
Defense Defense Time % Phy DF OF
1 Adam Larsson Dougie Hamilton 60 1 2 2
2 Ryan Murray Troy Stetcher 40 1 2 2
4 vs 4 Forward
Center Wing Time % Phy DF OF
1 Henrik Zetterberg Alex Galchenyuk 60 1 2 2
2 Max Domi Tyler Seguin 40 1 2 2
4 vs 4 Defense
Defense Defense Time % Phy DF OF
1 Adam Larsson Dougie Hamilton 60 1 2 2
2 Ryan Murray Troy Stetcher 40 1 2 2
Last Minutes Offensive
Center Left Wing Right Wing Defense Defense
Max Domi Alex Galchenyuk Tyler Seguin Adam Larsson Dougie Hamilton
Last Minutes Defensive
Center Left Wing Right Wing Defense Defense
Henrik Zetterberg Alex Galchenyuk Tyler Seguin Adam Larsson Dougie Hamilton
Goaltenders
Starting : Jacob Markstrom
Backup : Elvis Merzlikins
Extra Forwards
Normal : Tyler Toffoli, Anthony Mantha, Nino Niederreiter - PP : Tyler Toffoli, Anthony Mantha - PK : Nino Niederreiter
Extra Defensemen
Normal : Mirco Mueller, Ryan Murray, Erik Cernak - PP : Mirco Mueller - PK : Ryan Murray, Erik Cernak
Penalty Shots
Alex Galchenyuk, Tyler Seguin, Nino Niederreiter, Tyler Toffoli, Anthony Mantha
Custom OT Lines Forwards
Alex Galchenyuk, Tyler Seguin, Ryan Johansen, Nino Niederreiter, Tyler Toffoli, Anthony Mantha, Max Domi, Sam Reinhart, Noel Acciari, Frank Vatrano
Custom OT Lines Defensemen
Adam Larsson, Dougie Hamilton, Ryan Murray, Troy Stetcher, Mirco Mueller
Scratches
None
Sabres
5 vs 5 Forward
Center Left Wing Right Wing Time % Phy DF OF
1 John Tavares Timo Meier Viktor Arvidsson 40 1 2 2
2 Evgeni Malkin Sam Gagner David Backes 30 1 2 2
3 Ryan Getzlaf Andrew Mangiapane Kyle Okposo 20 1 2 2
4 Jamie Arniel Samuel Morin Joe Pavelski 10 1 2 2
5 vs 5 Defense
Defense Defense Time % Phy DF OF
1 Hampus Lindholm Mathew Dumba 33 1 2 2
2 Nate Schmidt Tyson Barrie 33 1 2 2
3 Michael Matheson Noah Hanifin 25 1 2 2
4 Hampus Lindholm Mathew Dumba 9 1 2 2
PowerPlay Forward
Center Left Wing Right Wing Time % Phy DF OF
1 John Tavares Timo Meier Viktor Arvidsson 60 1 2 2
2 Evgeni Malkin Sam Gagner David Backes 40 1 2 2
PowerPlay Defense
Defense Defense Time % Phy DF OF
1 Hampus Lindholm Mathew Dumba 60 1 2 2
2 Nate Schmidt Kyle Okposo 40 1 2 2
Penalty Kill 4 Players Forward
Center Wing Time % Phy DF OF
1 Jamie Arniel Samuel Morin 60 1 2 2
2 Ryan Getzlaf Joe Pavelski 40 1 2 2
Penalty Kill 4 Players Defense
Defense Defense Time % Phy DF OF
1 Hampus Lindholm Mathew Dumba 60 1 2 2
2 Nate Schmidt Tyson Barrie 40 1 2 2
Penalty Kill - 3 Players Forward
Forward Time % Phy DF OF
1 Jamie Arniel 60 1 2 2
2 Ryan Getzlaf 40 1 2 2
Penalty Kill - 3 Players Defense
Defense Defense Time % Phy DF OF
1 Hampus Lindholm Mathew Dumba 60 1 2 2
2 Nate Schmidt Tyson Barrie 40 1 2 2
4 vs 4 Forward
Center Wing Time % Phy DF OF
1 John Tavares Evgeni Malkin 60 1 2 2
2 Viktor Arvidsson Sam Gagner 40 1 2 2
4 vs 4 Defense
Defense Defense Time % Phy DF OF
1 Hampus Lindholm Mathew Dumba 60 1 2 2
2 Nate Schmidt Tyson Barrie 40 1 2 2
Last Minutes Offensive
Center Left Wing Right Wing Defense Defense
John Tavares Sam Gagner Viktor Arvidsson Hampus Lindholm Mathew Dumba
Last Minutes Defensive
Center Left Wing Right Wing Defense Defense
John Tavares Sam Gagner Viktor Arvidsson Hampus Lindholm Mathew Dumba
Goaltenders
Starting : John Gibson
Backup : Cam Talbot
Extra Forwards
Normal : David Backes, Ryan Getzlaf, Jamie Arniel - PP : David Backes, Ryan Getzlaf - PK : Jamie Arniel
Extra Defensemen
Normal : Michael Matheson, Noah Hanifin, Nate Schmidt - PP : Michael Matheson - PK : Noah Hanifin, Nate Schmidt
Penalty Shots
John Tavares, Evgeni Malkin, Viktor Arvidsson, Sam Gagner, Joe Pavelski
Custom OT Lines Forwards
John Tavares, Evgeni Malkin, Viktor Arvidsson, Sam Gagner, Joe Pavelski, David Backes, Ryan Getzlaf, Jamie Arniel, Timo Meier, Samuel Morin
Custom OT Lines Defensemen
Hampus Lindholm, Mathew Dumba, Nate Schmidt, Tyson Barrie, Michael Matheson
Scratches
Petter Granberg (Healthy)
% Time on Ice - Jets
Lines # - Real PCT - Wanted PCT - Time Play
Normal Forward
1 - 35% - 40% - 15:30
2 - 31% - 30% - 13:43
3 - 18% - 20% - 7:44
4 - 16% - 10% - 7:07
Normal Defense
1 - 37% - 40% - 16:13
2 - 33% - 30% - 14:39
3 - 21% - 20% - 9:28
4 - 8% - 10% - 3:44
PP Forward
1 - 58% - 60% - 6:54
2 - 42% - 40% - 5:00
PP Defense
1 - 59% - 60% - 6:59
2 - 41% - 40% - 4:55
PK Forward
1 - 81% - 60% - 3:12
2 - 19% - 40% - 0:46
PK Defense
1 - 56% - 60% - 2:13
2 - 44% - 40% - 1:45
PK3 Forward
1 - 0% - 60%
2 - 0% - 40%
PK3 Defense
1 - 0% - 60%
2 - 0% - 40%
44 Forward
1 - 0% - 60%
2 - 0% - 40%
44 Defense
1 - 0% - 60%
2 - 0% - 40%
Last Minute Offensive - 0:00
Last Minute Defensive - 0:04
Total
Forward - 60:00
Defense - 60:00
|
% Time on Ice - Sabres
Lines # - Real PCT - Wanted PCT - Time Play
Normal Forward
1 - 40% - 40% - 17:41
2 - 28% - 30% - 12:32
3 - 16% - 20% - 7:04
4 - 16% - 10% - 6:51
Normal Defense
1 - 33% - 33% - 14:45
2 - 34% - 33% - 15:13
3 - 26% - 25% - 11:30
4 - 6% - 9% - 2:40
PP Forward
1 - 57% - 60% - 2:15
2 - 43% - 40% - 1:43
PP Defense
1 - 58% - 60% - 2:17
2 - 42% - 40% - 1:41
PK Forward
1 - 72% - 60% - 8:37
2 - 28% - 40% - 3:17
PK Defense
1 - 56% - 60% - 6:43
2 - 44% - 40% - 5:11
PK3 Forward
1 - 0% - 60%
2 - 0% - 40%
PK3 Defense
1 - 0% - 60%
2 - 0% - 40%
44 Forward
1 - 0% - 60%
2 - 0% - 40%
44 Defense
1 - 0% - 60%
2 - 0% - 40%
Last Minute Offensive - 0:00
Last Minute Defensive - 0:00
Total
Forward - 60:00
Defense - 60:00
|
Play-by-Play
1st period
0:01 of 1st period - John Tavares wins face-off versus Ryan Johansen in neutral zone.
0:05 of 1st period - Icing by Dougie Hamilton.
0:06 of 1st period - John Tavares wins face-off versus Ryan Johansen in Jets zone.
0:11 of 1st period - Snap shot by John Tavares.
0:11 of 1st period - Stopped by Jacob Markstrom with a rebound.
0:43 of 1st period - Wrist shot by Sam Gagner.
0:43 of 1st period - Shot Misses the Net.
1:28 of 1st period - Slapshot by Joe Pavelski.
1:28 of 1st period - Shot Blocked by Tyler Toffoli.
2:09 of 1st period - Snap shot by Evgeni Malkin.
2:09 of 1st period - Stopped by Jacob Markstrom with a rebound.
3:00 of 1st period - Snap shot by Samuel Morin.
3:00 of 1st period - Shot Misses the Net.
3:02 of 1st period - Wrist shot by Jamie Arniel.
3:02 of 1st period - Stopped by Jacob Markstrom with a rebound.
3:18 of 1st period - Snap shot by Max Domi.
3:18 of 1st period - Shot Misses the Net.
3:23 of 1st period - Icing by Timo Meier.
3:24 of 1st period - Ryan Johansen wins face-off versus John Tavares in Sabres zone.
3:25 of 1st period - Slapshot by Alex Galchenyuk.
3:25 of 1st period - Stopped by John Gibson with a rebound.
3:31 of 1st period - Slapshot by Hampus Lindholm.
3:31 of 1st period - Shot Misses the Net.
3:33 of 1st period - Snap shot by Viktor Arvidsson.
3:33 of 1st period - Shot Blocked by Erik Cernak.
3:35 of 1st period - Snap shot by Timo Meier.
3:35 of 1st period - Stopped by Jacob Markstrom without a rebound.
3:36 of 1st period - Henrik Zetterberg wins face-off versus Evgeni Malkin in Jets zone.
4:03 of 1st period - John Tavares is hit by Erik Cernak and loses puck.
4:36 of 1st period - Slapshot by Joe Pavelski.
4:36 of 1st period - Stopped by Jacob Markstrom with a rebound.
4:38 of 1st period - Slapshot by Tyson Barrie.
4:38 of 1st period - Shot Blocked by Ryan Johansen.
5:52 of 1st period - Jamie Arniel is hit by Erik Cernak.
6:05 of 1st period - Off-side.
6:06 of 1st period - Ryan Getzlaf wins face-off versus Anthony Mantha in neutral zone.
6:19 of 1st period - Snap shot by Anthony Mantha.
6:19 of 1st period - Stopped by John Gibson without a rebound.
6:20 of 1st period - John Tavares wins face-off versus Ryan Johansen in Sabres zone.
6:25 of 1st period - Ryan Johansen is hit by Viktor Arvidsson and loses puck.
6:46 of 1st period - Evgeni Malkin is hit by Max Domi and loses puck.
7:43 of 1st period - Michael Matheson is hit by Anthony Mantha and loses puck.
7:56 of 1st period - Snap shot by Joe Pavelski.
7:56 of 1st period - Shot Misses the Net.
7:59 of 1st period - Icing by Ryan Johansen.
8:00 of 1st period - Evgeni Malkin wins face-off versus Ryan Johansen in Jets zone.
8:01 of 1st period - Snap shot by David Backes.
8:01 of 1st period - Shot Blocked by Dougie Hamilton.
8:03 of 1st period - Slapshot by David Backes.
8:03 of 1st period - Shot Misses the Net.
8:13 of 1st period - Slapshot by David Backes.
8:13 of 1st period - Stopped by Jacob Markstrom without a rebound.
8:14 of 1st period - Max Domi wins face-off versus John Tavares in Jets zone.
8:23 of 1st period - Wrist shot by Tyler Seguin.
8:23 of 1st period - Goal by Tyler Seguin - Jets : 1 - Sabres : 0.
8:24 of 1st period - John Tavares wins face-off versus Ryan Johansen in neutral zone.
8:37 of 1st period - Wrist shot by Viktor Arvidsson.
8:37 of 1st period - Shot Blocked by Ryan Murray.
8:56 of 1st period - Snap shot by Tyler Seguin.
8:56 of 1st period - Shot Misses the Net.
8:58 of 1st period - Snap shot by Tyler Seguin.
8:58 of 1st period - Stopped by John Gibson without a rebound.
8:59 of 1st period - Max Domi wins face-off versus Evgeni Malkin in Sabres zone.
9:54 of 1st period - Slapshot by Sam Gagner.
9:54 of 1st period - Shot Misses the Net.
10:06 of 1st period - Sam Gagner is hit by Adam Larsson and loses puck.
10:11 of 1st period - Snap shot by Nino Niederreiter.
10:11 of 1st period - Shot Blocked by Mathew Dumba.
10:13 of 1st period - Snap shot by Nino Niederreiter.
10:13 of 1st period - Stopped by John Gibson with a rebound.
10:35 of 1st period - Snap shot by Max Domi.
10:35 of 1st period - Shot Misses the Net.
10:37 of 1st period - Wrist shot by Nino Niederreiter.
10:37 of 1st period - Stopped by John Gibson without a rebound.
10:38 of 1st period - Ryan Johansen wins face-off versus John Tavares in Sabres zone.
10:39 of 1st period - Slapshot by Tyler Toffoli.
10:39 of 1st period - Shot Blocked by Tyson Barrie.
11:10 of 1st period - Slapshot by Kyle Okposo.
11:10 of 1st period - Shot Misses the Net.
11:12 of 1st period - Slapshot by Michael Matheson.
11:12 of 1st period - Shot Blocked by Erik Cernak.
11:14 of 1st period - Wrist shot by Kyle Okposo.
11:14 of 1st period - Stopped by Jacob Markstrom with a rebound.
11:44 of 1st period - Alex Galchenyuk is hit by John Tavares and loses puck.
11:51 of 1st period - Tyson Barrie is hit by Alex Galchenyuk and loses puck.
13:38 of 1st period - Noah Hanifin is hit by Ryan Murray and loses puck.
14:23 of 1st period - Adam Larsson is hit by Hampus Lindholm and loses puck.
14:54 of 1st period - Adam Larsson is hit by Timo Meier and loses puck.
15:01 of 1st period - Noah Hanifin is hit by Ryan Johansen and loses puck.
15:29 of 1st period - Ryan Getzlaf is hit by Ryan Murray and loses puck.
15:38 of 1st period - Kyle Okposo is hit by Tyler Seguin and loses puck.
15:57 of 1st period - Wrist shot by Kyle Okposo.
15:57 of 1st period - Stopped by Jacob Markstrom without a rebound.
15:58 of 1st period - Ryan Johansen wins face-off versus Timo Meier in Jets zone.
16:03 of 1st period - Snap shot by Tyler Toffoli.
16:03 of 1st period - Shot Misses the Net.
16:05 of 1st period - Slapshot by Troy Stetcher.
16:05 of 1st period - Stopped by John Gibson without a rebound.
16:06 of 1st period - Ryan Johansen wins face-off versus John Tavares in Sabres zone.
16:07 of 1st period - Wrist shot by Alex Galchenyuk.
16:07 of 1st period - Stopped by John Gibson with a rebound.
16:35 of 1st period - Wrist shot by Viktor Arvidsson.
16:35 of 1st period - Shot Misses the Net.
17:03 of 1st period - Slapshot by Viktor Arvidsson.
17:03 of 1st period - Stopped by Jacob Markstrom without a rebound.
17:04 of 1st period - David Backes wins face-off versus Max Domi in Jets zone.
17:05 of 1st period - Wrist shot by Sam Gagner.
17:05 of 1st period - Stopped by Jacob Markstrom without a rebound.
17:06 of 1st period - Evgeni Malkin wins face-off versus Max Domi in Jets zone.
17:11 of 1st period - Wrist shot by Sam Gagner.
17:11 of 1st period - Shot Misses the Net.
17:55 of 1st period - Slapshot by Adam Larsson.
17:55 of 1st period - Deflect By Kyle Connor.
17:55 of 1st period - Stopped by John Gibson without a rebound.
17:56 of 1st period - Jamie Arniel wins face-off versus Noel Acciari in Sabres zone.
18:36 of 1st period - Snap shot by Samuel Morin.
18:36 of 1st period - Shot Blocked by Kyle Connor.
18:57 of 1st period - Wrist shot by Joe Pavelski.
18:57 of 1st period - Shot Misses the Net.
18:59 of 1st period - Slapshot by Hampus Lindholm.
18:59 of 1st period - Shot Misses the Net.
19:09 of 1st period - Snap shot by Joe Pavelski.
19:09 of 1st period - Shot Blocked by Kyle Connor.
19:25 of 1st period - Slapshot by Joe Pavelski.
19:25 of 1st period - Shot Misses the Net.
19:27 of 1st period - Snap shot by Jamie Arniel.
19:27 of 1st period - Shot Misses the Net.
19:29 of 1st period - Snap shot by Mathew Dumba.
19:29 of 1st period - Stopped by Jacob Markstrom without a rebound.
19:30 of 1st period - Ryan Johansen wins face-off versus John Tavares in Jets zone.
19:30 of 1st period - Ryan Johansen is hit by Viktor Arvidsson.
Goals for this period are 1 for Jets vs 0 for Sabres.
Shots for this period are 9 for Jets vs 11 for Sabres.
2nd period
0:01 of 2nd period - Alex Galchenyuk wins face-off versus John Tavares in neutral zone.
0:04 of 2nd period - Slapshot by Adam Larsson.
0:04 of 2nd period - Shot Blocked by Hampus Lindholm.
0:06 of 2nd period - Slapshot by Tyler Toffoli.
0:06 of 2nd period - Shot Misses the Net.
0:08 of 2nd period - Snap shot by Tyler Toffoli.
0:08 of 2nd period - Shot Misses the Net.
0:53 of 2nd period - Snap shot by Anthony Mantha.
0:53 of 2nd period - Goal by Anthony Mantha - Jets : 2 - Sabres : 0.
0:54 of 2nd period - John Tavares wins face-off versus Tyler Toffoli in neutral zone.
1:01 of 2nd period - Wrist shot by John Tavares.
1:01 of 2nd period - Stopped by Jacob Markstrom with a rebound.
2:21 of 2nd period - Kyle Okposo is hit by Ryan Johansen and loses puck.
3:01 of 2nd period - Wrist shot by Noel Acciari.
3:01 of 2nd period - Deflect By Kyle Connor.
3:01 of 2nd period - Shot Misses the Net.
3:01 of 2nd period - Puck is out of play.
3:02 of 2nd period - John Tavares wins face-off versus Noel Acciari in Sabres zone.
3:29 of 2nd period - Noel Acciari is hit by Evgeni Malkin and loses puck.
3:40 of 2nd period - Wrist shot by Evgeni Malkin.
3:40 of 2nd period - Stopped by Jacob Markstrom with a rebound.
3:56 of 2nd period - Slapshot by Ryan Johansen.
3:56 of 2nd period - Stopped by John Gibson with a rebound.
4:32 of 2nd period - Evgeni Malkin is hit by Tyler Seguin and loses puck.
4:38 of 2nd period - Off-side.
4:39 of 2nd period - Max Domi wins face-off versus John Tavares in neutral zone.
4:45 of 2nd period - Minor Penalty to Nino Niederreiter for Slashing.
4:46 of 2nd period - Noel Acciari wins face-off versus John Tavares in Jets zone.
5:00 of 2nd period - Slapshot by Hampus Lindholm.
5:00 of 2nd period - Shot Misses the Net.
5:20 of 2nd period - Slapshot by David Backes.
5:20 of 2nd period - Deflect By Dougie Hamilton.
5:20 of 2nd period - Shot Misses the Net.
5:20 of 2nd period - Puck is out of play.
5:21 of 2nd period - Noel Acciari wins face-off versus John Tavares in Jets zone.
5:45 of 2nd period - Viktor Arvidsson is hit by Max Domi and loses puck.
6:08 of 2nd period - Nate Schmidt is hit by Max Domi and loses puck.
6:45 of 2nd period - Penalty to Nino Niederreiter is over, Nino Niederreiter is back on ice.
6:57 of 2nd period - Backhand shot by Joe Pavelski.
6:57 of 2nd period - Stopped by Jacob Markstrom without a rebound.
6:58 of 2nd period - Jamie Arniel wins face-off versus Ryan Johansen in Jets zone.
7:07 of 2nd period - Snap shot by Dougie Hamilton.
7:07 of 2nd period - Stopped by John Gibson without a rebound.
7:08 of 2nd period - Evgeni Malkin wins face-off versus Ryan Johansen in Sabres zone.
7:33 of 2nd period - Off-side.
7:34 of 2nd period - Tyler Seguin wins face-off versus John Tavares in neutral zone.
7:36 of 2nd period - Off-side.
7:37 of 2nd period - Max Domi wins face-off versus John Tavares in neutral zone.
8:12 of 2nd period - Wrist shot by Nino Niederreiter.
8:12 of 2nd period - Stopped by John Gibson with a rebound.
8:14 of 2nd period - Slapshot by Ryan Murray.
8:14 of 2nd period - Stopped by John Gibson with a rebound.
8:23 of 2nd period - Minor Penalty to John Tavares for Tripping.
8:24 of 2nd period - Jamie Arniel wins face-off versus Ryan Johansen in Sabres zone.
8:51 of 2nd period - Snap shot by Max Domi.
8:51 of 2nd period - Shot Misses the Net.
9:42 of 2nd period - Jamie Arniel is hit by Troy Stetcher and loses puck.
10:23 of 2nd period - Penalty to John Tavares is over, John Tavares is back on ice.
11:26 of 2nd period - Alex Galchenyuk is hit by Ryan Getzlaf and loses puck.
11:51 of 2nd period - Joe Pavelski is hit by Frank Vatrano and loses puck.
12:08 of 2nd period - Wrist shot by John Tavares.
12:08 of 2nd period - Shot Blocked by Tyler Seguin.
12:13 of 2nd period - Icing by Nino Niederreiter.
12:14 of 2nd period - Max Domi wins face-off versus Ryan Getzlaf in Jets zone.
12:52 of 2nd period - Minor Penalty to Anthony Mantha for Delaying the game.
12:53 of 2nd period - Noel Acciari wins face-off versus John Tavares in Jets zone.
13:01 of 2nd period - Backhand shot by Adam Larsson.
13:01 of 2nd period - Shot Misses the Net.
14:03 of 2nd period - Alex Galchenyuk is hit by Kyle Okposo and loses puck.
14:19 of 2nd period - Icing by David Backes.
14:20 of 2nd period - Evgeni Malkin wins face-off versus Max Domi in Sabres zone.
14:43 of 2nd period - David Backes is hit by Frank Vatrano and loses puck.
14:50 of 2nd period - Snap shot by Frank Vatrano.
14:50 of 2nd period - Stopped by John Gibson without a rebound.
14:51 of 2nd period - John Tavares wins face-off versus Noel Acciari in Sabres zone.
14:52 of 2nd period - Penalty to Anthony Mantha is over, Anthony Mantha is back on ice.
15:12 of 2nd period - Wrist shot by Joe Pavelski.
15:12 of 2nd period - Stopped by Jacob Markstrom with a rebound.
15:14 of 2nd period - Slapshot by Kyle Okposo.
15:14 of 2nd period - Stopped by Jacob Markstrom without a rebound.
15:15 of 2nd period - Ryan Johansen wins face-off versus Evgeni Malkin in Jets zone.
15:15 of 2nd period - Ryan Johansen is hit by Evgeni Malkin.
15:23 of 2nd period - Slapshot by Dougie Hamilton.
15:23 of 2nd period - Stopped by John Gibson without a rebound.
15:24 of 2nd period - Ryan Johansen wins face-off versus Evgeni Malkin in Sabres zone.
15:25 of 2nd period - Wrist shot by Alex Galchenyuk.
15:25 of 2nd period - Stopped by John Gibson without a rebound.
15:26 of 2nd period - John Tavares wins face-off versus Ryan Johansen in Sabres zone.
15:49 of 2nd period - Minor Penalty to Viktor Arvidsson for Hooking.
15:50 of 2nd period - Jamie Arniel wins face-off versus Ryan Johansen in Sabres zone.
16:21 of 2nd period - Wrist shot by Tyler Toffoli.
16:21 of 2nd period - Shot Misses the Net.
16:23 of 2nd period - Slapshot by Troy Stetcher.
16:23 of 2nd period - Stopped by John Gibson with a rebound.
16:25 of 2nd period - Snap shot by Tyler Toffoli.
16:25 of 2nd period - Shot Misses the Net.
16:27 of 2nd period - Wrist shot by Max Domi.
16:27 of 2nd period - Deflect By Tyler Toffoli.
16:27 of 2nd period - Shot Blocked by Hampus Lindholm.
16:27 of 2nd period - Puck is out of play.
16:28 of 2nd period - Ryan Johansen wins face-off versus Jamie Arniel in Sabres zone.
16:43 of 2nd period - Wrist shot by Alex Galchenyuk.
16:43 of 2nd period - Shot Misses the Net.
16:55 of 2nd period - Tyson Barrie is hit by Tyler Toffoli and loses puck.
17:49 of 2nd period - Penalty to Viktor Arvidsson is over, Viktor Arvidsson is back on ice.
18:00 of 2nd period - Backhand shot by Hampus Lindholm.
18:00 of 2nd period - Stopped by Jacob Markstrom without a rebound.
18:01 of 2nd period - Noel Acciari wins face-off versus John Tavares in Jets zone.
18:16 of 2nd period - Wrist shot by Noel Acciari.
18:16 of 2nd period - Stopped by John Gibson without a rebound.
18:17 of 2nd period - Evgeni Malkin wins face-off versus Henrik Zetterberg in Sabres zone.
19:12 of 2nd period - Wrist shot by Tyler Seguin.
19:12 of 2nd period - Deflect By Hampus Lindholm.
19:12 of 2nd period - Stopped by John Gibson without a rebound.
19:13 of 2nd period - Evgeni Malkin wins face-off versus Ryan Johansen in Sabres zone.
19:22 of 2nd period - David Backes is hit by Tyler Toffoli and loses puck.
19:23 of 2nd period - David Backes from Sabres is injured at 19:23 of 2nd period (Groin).
19:24 of 2nd period - Ryan Johansen wins face-off versus John Tavares in Sabres zone.
19:55 of 2nd period - Snap shot by Tyler Seguin.
19:55 of 2nd period - Stopped by John Gibson with a rebound.
19:57 of 2nd period - Wrist shot by Max Domi.
19:57 of 2nd period - Stopped by John Gibson without a rebound.
19:58 of 2nd period - Evgeni Malkin wins face-off versus Tyler Seguin in Sabres zone.
Goals for this period are 1 for Jets vs 0 for Sabres.
Shots for this period are 13 for Jets vs 6 for Sabres.
3rd period
0:01 of 3rd period - John Tavares wins face-off versus Alex Galchenyuk in neutral zone.
0:31 of 3rd period - Off-side.
0:32 of 3rd period - Max Domi wins face-off versus Evgeni Malkin in neutral zone.
0:41 of 3rd period - Snap shot by Evgeni Malkin.
0:41 of 3rd period - Stopped by Jacob Markstrom without a rebound.
0:42 of 3rd period - Alex Galchenyuk wins face-off versus Evgeni Malkin in Jets zone.
0:42 of 3rd period - Alex Galchenyuk is hit by Nate Schmidt.
1:05 of 3rd period - Minor Penalty to Nate Schmidt for Tripping.
1:06 of 3rd period - Ryan Johansen wins face-off versus Jamie Arniel in Sabres zone.
1:32 of 3rd period - Samuel Morin is hit by Tyler Seguin and loses puck.
1:51 of 3rd period - Slapshot by Tyler Seguin.
1:51 of 3rd period - Stopped by John Gibson with a rebound.
1:53 of 3rd period - Slapshot by Tyler Seguin.
1:53 of 3rd period - Stopped by John Gibson without a rebound.
1:54 of 3rd period - Tyler Toffoli wins face-off versus Ryan Getzlaf in Sabres zone.
3:05 of 3rd period - Penalty to Nate Schmidt is over, Nate Schmidt is back on ice.
3:33 of 3rd period - Slapshot by Jamie Arniel.
3:33 of 3rd period - Shot Misses the Net.
3:35 of 3rd period - Slapshot by Timo Meier.
3:35 of 3rd period - Goal by Timo Meier - Jets : 2 - Sabres : 1.
3:36 of 3rd period - Ryan Johansen wins face-off versus John Tavares in neutral zone.
5:31 of 3rd period - Max Domi is hit by Sam Gagner and loses puck.
5:47 of 3rd period - Icing by Dougie Hamilton.
5:48 of 3rd period - Henrik Zetterberg wins face-off versus Ryan Getzlaf in Jets zone.
5:53 of 3rd period - Slapshot by Dougie Hamilton.
5:53 of 3rd period - Shot Blocked by Nate Schmidt.
6:50 of 3rd period - Ryan Getzlaf is hit by Mirco Mueller and loses puck.
6:58 of 3rd period - Minor Penalty to Mathew Dumba for High sticking.
6:59 of 3rd period - Jamie Arniel wins face-off versus Ryan Johansen in Sabres zone.
6:59 of 3rd period - Jamie Arniel is hit by Tyler Seguin.
7:12 of 3rd period - Slapshot by Tyler Seguin.
7:12 of 3rd period - Shot Misses the Net.
7:14 of 3rd period - Snap shot by Alex Galchenyuk.
7:14 of 3rd period - Stopped by John Gibson with a rebound.
7:26 of 3rd period - Wrist shot by Tyler Toffoli.
7:26 of 3rd period - Shot Misses the Net.
7:28 of 3rd period - Snap shot by Dougie Hamilton.
7:28 of 3rd period - Shot Misses the Net.
7:56 of 3rd period - Wrist shot by Joe Pavelski.
7:56 of 3rd period - Shot Misses the Net.
8:58 of 3rd period - Penalty to Mathew Dumba is over, Mathew Dumba is back on ice.
9:14 of 3rd period - Henrik Zetterberg is hit by Samuel Morin.
9:56 of 3rd period - Slapshot by Mathew Dumba.
9:56 of 3rd period - Stopped by Jacob Markstrom with a rebound.
9:58 of 3rd period - Slapshot by Jamie Arniel.
9:58 of 3rd period - Stopped by Jacob Markstrom with a rebound.
10:00 of 3rd period - Snap shot by Mathew Dumba.
10:00 of 3rd period - Shot Misses the Net.
10:02 of 3rd period - Snap shot by Mathew Dumba.
10:02 of 3rd period - Shot Blocked by Adam Larsson.
10:21 of 3rd period - Off-side.
10:22 of 3rd period - John Tavares wins face-off versus Ryan Johansen in neutral zone.
10:46 of 3rd period - Icing by Nate Schmidt.
10:47 of 3rd period - John Tavares wins face-off versus Max Domi in Sabres zone.
11:14 of 3rd period - Wrist shot by Ryan Johansen.
11:14 of 3rd period - Stopped by John Gibson without a rebound.
11:15 of 3rd period - Ryan Johansen wins face-off versus John Tavares in Sabres zone.
11:16 of 3rd period - Slapshot by Tyler Toffoli.
11:16 of 3rd period - Stopped by John Gibson with a rebound.
11:39 of 3rd period - Slapshot by Troy Stetcher.
11:39 of 3rd period - Deflect By Ryan Johansen.
11:39 of 3rd period - Shot Misses the Net.
11:39 of 3rd period - Puck is out of play.
11:40 of 3rd period - Ryan Getzlaf wins face-off versus Max Domi in Sabres zone.
11:51 of 3rd period - Snap shot by Nino Niederreiter.
11:51 of 3rd period - Shot Blocked by Nate Schmidt.
11:53 of 3rd period - Snap shot by Nino Niederreiter.
11:53 of 3rd period - Shot Misses the Net.
11:55 of 3rd period - Snap shot by Mirco Mueller.
11:55 of 3rd period - Deflect By Nino Niederreiter.
11:55 of 3rd period - Shot Misses the Net.
11:55 of 3rd period - Puck is out of play.
11:56 of 3rd period - Ryan Johansen wins face-off versus Evgeni Malkin in Sabres zone.
12:23 of 3rd period - Nino Niederreiter is hit by Timo Meier and loses puck.
12:27 of 3rd period - Icing by Nino Niederreiter.
12:28 of 3rd period - Max Domi wins face-off versus John Tavares in Jets zone.
12:47 of 3rd period - Wrist shot by Viktor Arvidsson.
12:47 of 3rd period - Deflect By John Tavares.
12:47 of 3rd period - Shot Blocked by Max Domi.
12:47 of 3rd period - Puck is out of play.
12:48 of 3rd period - Ryan Johansen wins face-off versus Evgeni Malkin in Jets zone.
13:13 of 3rd period - Minor Penalty to Timo Meier for High sticking.
13:14 of 3rd period - Ryan Johansen wins face-off versus Jamie Arniel in Sabres zone.
13:27 of 3rd period - Backhand shot by Ryan Johansen.
13:27 of 3rd period - Stopped by John Gibson with a rebound.
14:44 of 3rd period - Nino Niederreiter is hit by Mathew Dumba and loses puck.
15:13 of 3rd period - Penalty to Timo Meier is over, Timo Meier is back on ice.
16:15 of 3rd period - Ryan Murray is hit by Nate Schmidt and loses puck.
17:00 of 3rd period - Dougie Hamilton is hit by Evgeni Malkin and loses puck.
17:47 of 3rd period - Minor Penalty to Tyson Barrie for Interference.
17:48 of 3rd period - Ryan Johansen wins face-off versus Jamie Arniel in Sabres zone.
18:53 of 3rd period - Jamie Arniel is hit by Anthony Mantha and loses puck.
19:47 of 3rd period - Penalty to Tyson Barrie is over, Tyson Barrie is back on ice.
Goals for this period are 0 for Jets vs 1 for Sabres.
Shots for this period are 6 for Jets vs 4 for Sabres.
Output by the SimonT Hockey Simulator (STHS) for Francois Prevost